 Dungeon Crawl Stone Soup version 0.30-a0-586-g23e55c9e0a (webtiles) character file.

Game seed: 831427143699292444

2809 wormed the Carver (level 9, 0/80 HPs)
             Began as an Armataur Berserker on Jan 4, 2023.
             Was an Elder of Trog.
             Slain by a vampire (9 damage)
             ... on level 6 of the Dungeon.
             The game lasted 00:08:33 (5466 turns).

wormed the Carver (Armataur Berserker)              Turns: 5466, Time: 00:08:34

Health: 0/80       AC: 20    Str: 23    XL:     9   Next: 44%
Magic:  9/9        EV: 10    Int:  7    God:    Trog [****..]
Gold:   710        SH:  0    Dex: 14    Spells: 8/8 levels left

rFire   . . .      SeeInvis .    n - +0 long sword (protect)
rCold   + . .      Faith    .    (no shield)
rNeg    . . .      Spirit   .    g - +3 ring mail
rPois   .          Reflect  .    j - +2 helmet
rElec   .          Harm     .    (no cloak)
rCorr   .          Roll     +    (no gloves)
Will    .....                    (no barding)
Stlth   +                        k - amulet of regeneration
HPRegen 1.13/turn                w - ring of protection from cold
MPRegen 0.11/turn                (no ring)

@: under a protective aura, on berserk cooldown, slowed, very slow
A: large, rugged brown scales 3, deformed body, armoured tail, roll, long
tongue, awkward tongue
a: Renounce Religion, Berserk, Trog's Hand, Brothers in Arms


You were on level 6 of the Dungeon.
You worshipped Trog.
Trog was greatly pleased with you.
You visited 1 branch of the dungeon, and saw 7 of its levels.
You also visited: Sewer.

You collected 710 gold pieces.

Inventory:

Hand Weapons
 a - a +0 falchion
 n - a +0 long sword of protection (weapon)
Missiles
 i - 4 silver javelins (quivered)
 q - 8 poisoned darts
Armour
 g - a +3 ring mail (worn)
 j - a +2 helmet (worn)
Jewellery
 k - an amulet of regeneration (around neck)
 t - a +6 ring of intelligence
 w - a ring of protection from cold (left hand)
Wands
 z - a wand of paralysis (5)
 C - a wand of flame (14)
Scrolls
 b - 3 scrolls of enchant armour
 e - a scroll of torment
 h - a scroll of teleportation {unknown}
 m - 3 scrolls of brand weapon
 r - a scroll of noise
 v - 2 scrolls of fear {unknown}
 x - a scroll of magic mapping
 y - 3 scrolls of vulnerability
 A - 3 scrolls of blinking {unknown}
Potions
 c - 5 potions of curing
 f - a potion of resistance
 l - a potion of invisibility
 o - a potion of attraction
 p - 2 potions of flight
 s - 2 potions of mutation {unknown}
 u - 5 potions of ambrosia {unknown}
 B - 2 potions of heal wounds {unknown}


   Skills:
 + Level 6.0 Fighting
 * Level 8.1 Long Blades
 + Level 7.3 Armour
 + Level 4.5 Dodging


You had 8 spell levels left.
You didn't know any spells.
Your spell library was empty.

Dungeon Overview and Level Annotations

Branches:
Dungeon (7/15)             Temple (0/1) D:6           Sewer (visited)

Altars:
Ashenzari
Hepliaklqana
Okawaru
Ru
Wu Jian
Yredelemnul


Innate Abilities, Weirdness & Mutations

You are completely covered in rugged brown scales. (AC +3, +7% HP)
Armour fits poorly on your strangely shaped body.
You have a long armoured tail.
You roll when moving toward enemies. (Rampage)
Your long tongue fully drains potion bottles. (2x potion effects)
Your tongue gives you trouble enunciating. (1.5x scroll delay)


Message History

Something hits you but does no damage. Something bites you but does no damage.
You slash the wraith!
Your weapon exudes an aura of protection.
You destroy the wraith!
Trog accepts your kill. Something hits you!
Something bites you but does no damage.
Your Fighting skill increases to level 6!
Something hits you but does no damage. Something bites you but does no damage.
You feel a strong urge to attack something.
You feel less confused.
You miss something. Something hits you but does no damage.
Something bites you but does no damage.
You closely miss something. Something hits you but does no damage.
Something bites you.
Something draws strength from your injuries!
You barely miss something.
Your tail-slap misses something.
You are no longer berserk.
You are exhausted.
You feel as though you will be slow longer.
You hear some strange, mumbled words.
Something tries to affect you, but you resist.
You barely miss something. Something hits you but does no damage.
Something bites you.
Something draws strength from your injuries!
You hit something but do no damage.
Your weapon exudes an aura of protection.
You tail-slap something. Something hits you!
* * * LOW HITPOINT WARNING * * *
Something bites you but does no damage.
You hit something. Something hits you but does no damage.
Something bites you but does no damage. Something hits you but does no damage.
Something bites you but does no damage.
You hit something but do no damage. Something hits you!
* * * LOW HITPOINT WARNING * * *
Something bites you.
* * * LOW HITPOINT WARNING * * *
Something draws strength from your injuries!
You hit something but do no damage. You tail-slap something.
Something hits you!
You die...

###.######..##.# ### #
............##.###≈≈≈≈§≈≈ #
###.........##.##§≈§≈≈≈≈§§≈
#
################≈§§§§§≈≈≈≈≈
# ..# ##≈≈§≈§≈≈§≈§≈≈ # #.#
#≈≈§§§§§§§≈§§≈ # #.#
#§§≈§≈§≈≈§§≈§§ # #.#
###≈≈≈§§≈§≈..§≈≈ # #.#
##.'..@{...§§.[≈§ # #.#
#..'.......?..?≈≈ # #.#
#.##≈≈≈≈≈≈≈§.§§≈≈ #
#.#########.##≈≈≈≈≈≈≈≈≈≈§§≈
#
#............#≈≈≈≈§§≈§≈≈§§≈
#
###############≈≈≈≈≈≈§≈≈§§≈
## #.##§§§≈≈≈§≈§≈≈ ##.
##########.###≈≈≈≈≈≈§≈≈≈
##.. #..........#
##≈§§§§§§≈≈ ##...


There were no monsters in sight!

Vanquished Creatures
  Pikel (D:5)
  Maggie (D:6)
  A hornet (D:5)
  Sigmund (D:2)
  A wraith (D:6)
  A human (D:6)
  A water moccasin (D:5)
  2 orc warriors
  A black bear (D:6)
  An ice beast (D:5)
  2 lemures
  A phantom (D:5)
  2 bullfrogs (D:6)
  2 scorpions
  A jelly (D:5)
  A gnoll bouda (D:5)
  4 orc priests
  Ijyb (D:5)
  3 iguanas
  3 orc wizards
  A hell rat (Sewer)
  5 gnolls (D:5)
  3 river rats (Sewer)
  8 adders
  A shadow imp (D:6)
  A white imp (D:5)
  6 worms
  A dart slug (D:4)
  17 orcs
  11 ball pythons
  6 bats
  5 endoplasms
  3 giant cockroaches
  6 goblins
  6 hobgoblins
  2 jackals (D:1)
  6 quokkas
  5 frilled lizards
  A goblin zombie (D:6)
  2 kobolds
  10 rats
137 creatures vanquished.

Notes
Turn   | Place    | Note
-------+----------+-------------------------------------------
     0 | D:1      | wormed the Armataur Berserker began the quest for the Orb.
     0 | D:1      | Reached XP level 1. HP: 19/19 MP: 1/1
   242 | D:1      | Reached XP level 2. HP: 8/26 MP: 2/2
   322 | D:1      | Reached skill level 3 in Long Blades
   945 | D:1      | Reached XP level 3. HP: 3/32 MP: 3/3
  1441 | D:2      | Reached XP level 4. HP: 40/40 MP: 4/4
  1593 | D:2      | Noticed Sigmund
  1595 | D:2      | Reached ** piety under Trog
  1622 | D:3      | Found an iron altar of Okawaru.
  1701 | D:3      | Found a faded altar of an unknown god.
  2304 | D:3      | Found an ornate altar of the Wu Jian Council.
  2609 | D:2      | Killed Sigmund
  2610 | D:2      | Reached skill level 4 in Long Blades
  2610 | D:2      | Reached XP level 5. HP: 48/48 MP: 5/5
  2712 | D:4      | Reached XP level 6. HP: 55/55 MP: 6/6
  2852 | D:4      | Found a glowing drain.
  2888 | Sewer    | Entered a sewer
  3045 | D:4      | Found a sacrificial altar of Ru.
  3445 | D:5      | Entered Level 5 of the Dungeon
  3448 | D:5      | Noticed a hornet
  3452 | D:5      | Paralysed by a hornet for 2 turns
  3459 | D:5      | Killed a hornet
  3460 | D:5      | Reached skill level 5 in Long Blades
  3460 | D:5      | Reached XP level 7. HP: 9/63 MP: 7/7
  3518 | D:5      | Reached *** piety under Trog
  3520 | D:5      | Noticed Pikel
  3599 | D:5      | You fall into a shaft and drop 2 floors!
  3701 | D:6      | Reached skill level 5 in Armour
  3797 | D:6      | Noticed Maggie
  3817 | D:6      | Killed Maggie
  3818 | D:6      | Reached skill level 6 in Long Blades
  3818 | D:6      | Reached XP level 8. HP: 71/71 MP: 8/8
  4018 | D:5      | Killed Pikel
  4019 | D:5      | Reached skill level 5 in Fighting
  4103 | D:5      | Reached skill level 7 in Long Blades
  4359 | D:5      | Reached XP level 9. HP: 79/79 MP: 9/9
  4569 | D:5      | Noticed Ijyb
  4579 | D:5      | Killed Ijyb
  4674 | D:5      | Identified a scroll of acquirement
  4674 | D:5      | Acquired 366 gold pieces
  4905 | D:6      | Found a staircase to the Ecumenical Temple.
  4946 | D:6      | Found a broken altar of Ashenzari.
  5014 | D:6      | Found a runed translucent door.
  5029 | D:6      | Found a basalt altar of Yredelemnul.
  5052 | D:6      | Reached **** piety under Trog
  5301 | D:6      | Reached skill level 8 in Long Blades
  5301 | D:6      | Found a hazy altar of Hepliaklqana.
  5466 | D:6      | Slain by a vampire

Illustrated notes

Levels and vault maps discovered:
D:1:      evilmike_arrival_plus, layout_basic, minmay_tetromino_s4
D:2:      layout_basic, minmay_door_square, bh_walls_and_bars, uniq_sigmund
D:3:      layout_basic, mainiacjoe_overflow_alcove_4,
          nicolae_overflow_hidden_temple, ebering_ecumenical_altar_abandoned,
          moated_statue, grunt_decor_mini_mirrors
D:4:      layout_loops_ring, mainiacjoe_overflow_small_starburst,
          cheibrodos_sewer_entry_sluice
D:5:      layout_basic, nicolae_titane, uniq_ijyb, uniq_pikel
D:6:      kennysheep_big_flooded_room, layout_loops_ring,
          nicolae_ashenzari_skybound, lemuel_tele_altar, dk_yredelemnul_ordeal,
          minmay_temple_entry_glass, nicolae_lava_and_water, uniq_maggie
D:7:      layout_loops_cross, lemuel_crystal_altar, serial_shops, shop,
          minivault_26, minmay_ruined_shrine

Skill      XL: |  1  2  3  4  5  6  7  8  9 |
---------------+----------------------------+-----
Long Blades    | 3 4 5 6 7 8 |  8.1
Fighting       | 3 4 5 6 |  6.0
Armour         | 3 4 5 6 7 |  7.3
Dodging        | 2 3 4 |  4.5

Action                   |  1- 3 |  4- 6 |  7- 9 || total
-------------------------+-------+-------+-------++-------
Melee: Falchion          |   104 |       |       ||   104
       Tailslap          |    10 |    20 |    37 ||    67
       Long sword        |    25 |   151 |   316 ||   492
       Punch             |       |     1 |     5 ||     6
Invok: Berserk           |     2 |     3 |     4 ||     9
  Use: Scroll            |       |    13 |     3 ||    16
Armor: Animal skin       |    22 |       |       ||    22
       Ring mail         |    56 |    78 |   216 ||   350
Dodge: Dodged            |    85 |    64 |   186 ||   335

Table legend: (Time is in decaauts)
 A = Elapsed time spent in this place.
 B = Non-inter-level travel time spent in this place.
 C = Inter-level travel time spent in this place.
 D = Time resting spent in this place.
 E = Time spent auto-exploring this place.
 F = Levels seen in this place.
 G = Mean time per level.
                   A        B        C        D        E       F      G
               +--------+--------+--------+--------+--------+-----+--------+
         Total |   5618 |   5432 |    186 |    441 |   3711 |   8 |  702.2 |
       Dungeon |   5475 |   5289 |    186 |    441 |   3653 |   7 |  782.1 |
         Sewer |    142 |    142 |      0 |      0 |     58 |   1 |  142.0 |
               +--------+--------+--------+--------+--------+-----+--------+

Top non-repeatable levels by time:
     D:1: 1101 daAuts
     D:6: 1061 daAuts
     D:3: 865 daAuts
     D:5: 864 daAuts
     D:2: 831 daAuts
     D:4: 689 daAuts
   Sewer: 142 daAuts
     D:7: 61 daAuts
